 Dungeon Crawl Stone Soup version 0.20-a0 (webtiles) character file.

2510 varam the Grappler (level 9, -14/80 HPs)
             Began as a Troll Monk on Oct 27, 2016.
             Was a Priest of Okawaru.
             Demolished by dobroeutro's ghost (18 damage)
             ... on level 7 of the Dungeon.
             The game lasted 00:13:53 (5844 turns).

varam the Grappler (Troll Monk)                     Turns: 5844, Time: 00:13:54

Health: -14/80     AC:  5    Str: 21    XL:     9   Next: 28%
Magic:  6/8        EV: 14    Int:  6    God:    Okawaru [***...]
Gold:   357        SH:  0    Dex: 15    Spells: 0 memorised, 8 levels left

rFire  . . .     SeeInvis .       - Unarmed
rCold  . . .     Gourm    +     a - +0 robe
rNeg   . . .     Faith    .     (no shield)
rPois  .         Spirit   .     (helmet restricted)
rElec  .         Reflect  .     (no cloak)
rCorr  .         Harm     .     (gloves unavailable)
MR     .....                    (boots unavailable)
Stlth  +++.......               (no amulet)
                                (no ring)
                                j - ring of flight

@: heroism, drained
A: unfitting armour, claws 3, talons 1, fast metabolism 3, gourmand,
regeneration 1, shaggy fur 1, tough skin 2
a: Heroism, Renounce Religion, Evoke Flight


You were on level 7 of the Dungeon.
You worshipped Okawaru.
Okawaru was most pleased with you.
You were full.

You visited 2 branches of the dungeon, and saw 8 of its levels.
You also visited: Sewer.

You collected 357 gold pieces.

Inventory:

Armour
 a - a +0 robe (worn)
Jewellery
 j - a ring of flight (left claw)
 E - a cursed ring of loudness {unknown}
 I - an uncursed amulet of harm {unknown}
 J - a +5 ring of strength {unknown}
Wands
 p - a wand of polymorph (5/24)
 z - a wand of digging (5/24)
 K - a wand of polymorph (15/24)
Scrolls
 c - 5 scrolls of identify {unknown}
 f - 4 scrolls of remove curse {unknown}
 h - 3 scrolls of random uselessness {unknown}
 i - 2 scrolls of teleportation {unknown}
 l - 3 scrolls of fog {unknown}
 n - 2 scrolls of fear {unknown}
 u - a scroll of enchant weapon {unknown}
 y - 4 scrolls of enchant armour {unknown}
 B - 2 scrolls of recharging {unknown}
 G - a scroll of blinking {unknown}
 H - a scroll of magic mapping {unknown}
Potions
 d - a potion of berserk rage {unknown}
 e - 2 potions of agility {unknown}
 g - a potion of resistance {unknown}
 o - 2 potions of mutation {unknown}
 q - 2 potions of haste {unknown}
 r - 2 potions of degeneration {unknown}
 s - 2 potions of brilliance {unknown}
 t - 4 potions of curing {unknown}
 v - 3 potions of might {unknown}
 w - a potion of cancellation {unknown}
 x - 3 potions of lignification {unknown}
 A - 2 potions of flight {unknown}
 F - 2 potions of cure mutation {unknown}
 L - a potion of invisibility
Books
 C - a book of Cantrips

   Spells                             Type                      Level
   a - Confusing Touch                Hexes                        1
   b - Animate Skeleton               Necromancy                   1
   c - Summon Small Mammal            Summoning                    1
   d - Apportation                    Translocation                1
Comestibles
 b - 10 bread rations
 k - a beef jerky
 m - 5 meat rations
 D - 5 fruits


   Skills:
 - Level 2.4(6.9) Fighting
 - Level 2.4(6.9) Dodging
 - Level 1.0(5.6) Stealth
 + Level 12.6(17.0) Unarmed Combat


You had 8 spell levels left.
You didn't know any spells.

Dungeon Overview and Level Annotations

Branches:
Dungeon (7/15)             Temple (1/1) D:4

Altars:
Ashenzari
Cheibriados
Dithmenos
Elyvilon
Fedhas
Hepliaklqana
Makhleb
Nemelex Xobeh
Okawaru
Ru
Sif Muna
Trog
Uskayaw
Xom
Zin
The Shining One

Shops:
D:5 %

Annotations:
D:7 dobroeutro's ghost, novice DsGl


Innate Abilities, Weirdness & Mutations

You are too large for most types of armour.
You have claws for hands.
Your metabolism is lightning-fast.
You like to eat raw meat.
Your natural rate of healing is unusually fast.
You are covered in fur. (AC +1)
You have very tough skin. (AC +2)
You have sharp toenails.


Message History

Dobroeutro's ghost misses you.
You mangle dobroeutro's ghost!! Your kick misses dobroeutro's ghost.
Dobroeutro's ghost is almost destroyed.
You miss dobroeutro's ghost.
You claw dobroeutro's ghost, but do no damage.
Dobroeutro's ghost is almost destroyed.
Dobroeutro's ghost hits you.
* * * LOW HITPOINT WARNING * * *
Dobroeutro's ghost freezes you.
* * * LOW HITPOINT WARNING * * *
You closely miss dobroeutro's ghost.
Dobroeutro's ghost is almost destroyed.
Dobroeutro's ghost closely misses you.
You barely miss dobroeutro's ghost. Your kick misses dobroeutro's ghost.
Dobroeutro's ghost is almost destroyed.
You closely miss dobroeutro's ghost.
You claw dobroeutro's ghost, but do no damage.
Dobroeutro's ghost is almost destroyed.
Dobroeutro's ghost hits you!!
You die...

### ### ..# .. #.#
#.#### #.# .....
##.####..##...
#..@W5........
#..####.[..... # #..#
(###... #.##..## ..
.... #......# ####...#
##.....# ##...##
#.....# ##.....##
#.....## ##.......##
#......####.........##


You could see dobroeutro's ghost and a shadow imp.

Vanquished Creatures
  A spriggan (D:7)
  Menkaure (D:4)
  Edmund (D:4)
  An orc warrior (D:6)
  A sky beast (D:6)
  A phantom (D:5)
  4 ogres
  2 centaurs
  6 bullfrogs
  A howler monkey (D:5)
  4 crimson imps
  2 hounds
  3 orc wizards (D:4)
  Natasha (thrice) (D:4)
  7 worker ants
  A hound skeleton (D:5)
  19 adders
  14 oozes (Sewer)
  2 adder zombies
  2 adder skeletons
  A worm (D:3)
  5 dart slugs
  10 leopard geckos
  15 orcs
  6 bats
  21 giant cockroaches
  5 goblins
  4 hobgoblins
  4 jackals (D:1)
  4 quokkas
  11 ball pythons (Sewer)
  A ball python skeleton (D:6)
  30 frilled lizards
  2 goblin zombies (D:4)
  A kobold (D:1)
  A kobold skeleton (D:4)
  3 kobold zombies (D:4)
  2 orc skeletons (D:4)
  3 orc zombies (D:4)
  14 rats
219 creatures vanquished.

Notes
Turn   | Place    | Note
-------+----------+-------------------------------------------
     0 | D:1      | varam the Troll Monk began the quest for the Orb.
     0 | D:1      | Reached XP level 1. HP: 22/22 MP: 0/0
   341 | D:1      | Reached XP level 2. HP: 23/29 MP: 1/1
   434 | D:1      | Reached skill level 4 in Unarmed Combat
   648 | D:2      | Reached XP level 3. HP: 36/36 MP: 2/2
   827 | D:2      | Found a bloodstained altar of Trog.
  1081 | D:2      | Reached skill level 5 in Unarmed Combat
  1081 | D:2      | Reached XP level 4. HP: 40/44 MP: 3/3
  1500 | D:3      | Found a shimmering altar of Xom.
  1698 | D:3      | Reached XP level 5. HP: 50/50 MP: 4/4
  1719 | D:3      | Reached skill level 6 in Unarmed Combat
  2137 | D:4      | Noticed an ogre
  2152 | D:4      | Killed an ogre
  2152 | D:4      | Reached skill level 7 in Unarmed Combat
  2152 | D:4      | Reached XP level 6. HP: 52/59 MP: 5/5
  2538 | D:4      | Found a staircase to the Ecumenical Temple.
  2541 | D:4      | Found a glowing golden altar of the Shining One.
  2551 | Temple   | Entered the Ecumenical Temple
  2568 | Temple   | Became a worshipper of Warmaster Okawaru
  2568 | Temple   | Reached * piety under Okawaru
  2568 | Temple   | Reached ** piety under Okawaru
  2607 | D:4      | Reached skill level 8 in Unarmed Combat
  2607 | D:4      | Reached XP level 7. HP: 66/66 MP: 6/6
  2643 | D:4      | Noticed Natasha
  2655 | D:4      | Killed Natasha
  2705 | D:4      | Noticed Edmund
  2725 | D:4      | Killed Edmund
  2756 | D:4      | Noticed Natasha
  2761 | D:4      | Killed Natasha
  2853 | D:4      | Noticed Menkaure
  2860 | D:4      | Killed Menkaure
  2860 | D:4      | Reached skill level 9 in Unarmed Combat
  2935 | D:4      | Noticed Natasha
  2944 | D:4      | Killed Natasha
  2997 | D:5      | Entered Level 5 of the Dungeon
  3092 | D:5      | Reached XP level 8. HP: 66/74 MP: 7/7
  3122 | D:5      | Reached skill level 10 in Unarmed Combat
  3537 | D:5      | Found a glowing drain.
  3579 | Sewer    | Entered a sewer
  3940 | Sewer    | Reached *** piety under Okawaru
  4092 | Sewer    | Reached skill level 11 in Unarmed Combat
  4513 | D:5      | Found Wemorph's Food Boutique.
  5012 | D:6      | Reached XP level 9. HP: 9/80 MP: 8/8
  5184 | D:6      | Found a white marble altar of Elyvilon.
  5213 | D:6      | Reached skill level 12 in Unarmed Combat
  5227 | D:6      | Gained mutation: You have sharp toenails. [mutagenic meat]
  5826 | D:7      | Noticed dobroeutro's ghost (novice DsGl)
  5837 | D:7      | HP: 4/80 [dobroeutro's ghost (4)]
  5844 | D:7      | Demolished by dobroeutro's ghost

Vault maps used:
D:1:      scummos_arrival_forest, glass_columns_a, hex_large, minmay_lizard_pond
D:2:      bloody_trog, first_bread
D:3:      marbit_many_paths
D:4:      nicolae_tso_besieged_by_evil, uniq_menkaure, uniq_natasha, uniq_edmund
D:5:      serial_shops, shop, gup_sewer_entry_glass
D:6:      elyvilon_altar_3
D:7:      chequers_temple_overflow_statue_of_worship, the_bakery
Temple:   cyrus_circular_temple
Sewer:    sewer_frog_island_02

Skill      XL: |  1  2  3  4  5  6  7  8  9 |
---------------+----------------------------+-----
Unarmed Combat | 4 5 7 8 9 11 12 | 12.6
Fighting       | |  2.4
Dodging        | |  2.4
Stealth        | |  1.0

Action                   |  1- 3 |  4- 6 |  7- 9 || total
-------------------------+-------+-------+-------++-------
Melee: Unarmed           |    94 |   171 |   365 ||   630
       Punch             |     1 |     1 |    18 ||    20
       Kick              |       |       |    13 ||    13
Invok: Heroism           |       |       |     1 ||     1
 Stab: Sleeping          |     1 |       |     5 ||     6
       Distracted        |       |       |     1 ||     1
  Eat: Chunk             |    14 |    15 |    29 ||    58
Armor: Robe              |    32 |    59 |    82 ||   173
Dodge: Dodged            |    47 |    82 |   161 ||   290
